Mecha, neutral female human Wizard --------------- ##....[.........| ----- # |......>......| ----------#####[%%%(| # |.............| |........-# |.\.. # ---.----------- ##h@.......| ...| # ####### # |.....%..| ..| # # ### |...).f..| -.- # ### # ----.----- # # ### ## # ### # # # # # ## # --------.-# + # |........|# --------#######-........|# |......|## |.*......|# |.......## |.........# |<.....| |........| -------- |........| --.------- # Mecha the Thaumaturge Experience level: 7 Strength: 12 Dexterity: 12 Constitution: 16 Intelligence: 18 Wisdom: 13 Charisma: 9 Health: 0(53) Energy: 63(82) AC: 4 Gold: 529 Moves: 4999 Your Inventory: Coins $ - 529 gold pieces Weapons N - an uncursed [+0] dagger (weapon in hand) Y - a cursed [-5] crude dagger [orcish] Armor b - an uncursed +0 cloak of magic resistance (being worn) G - an uncursed +0 helmet called telepathy [of telepathy] (being worn) H - an uncursed +0 pair of padded gloves [gauntlets of dexterity] (being worn) I - an uncursed +0 pair of jungle boots [water walking] (being worn) M - an uncursed +0 pair of jumping boots R - an uncursed +0 T-shirt (being worn) S - an uncursed +0 leather armor (being worn) Comestibles a - an [uncursed] fortune cookie q - 3 uncursed food rations Scrolls i - an uncursed scroll of remove curse j - an uncursed scroll of identify k - an uncursed scroll of destroy armor l - an [uncursed] scroll labeled ZLORFIK [of confuse monster] r - a cursed scroll labeled ELAM EBOW [of enchant weapon] w - an uncursed scroll labeled ZELGO MER [of magic mapping] B - an uncursed scroll labeled ELAM EBOW [of enchant weapon] D - a blessed scroll labeled GHOTI [of punishment] V - a cursed unlabeled scroll [of blank paper] Spellbooks u - an uncursed spellbook of light Potions f - an uncursed potion of paralysis g - an uncursed potion of sleeping h - 2 uncursed potions of confusion o - a [cursed] magenta potion [of monster detection] t - an uncursed clear potion [of water] x - an uncursed black potion [of extra healing] z - an uncursed magenta potion [of monster detection] A - a blessed yellow potion [of speed] Rings d - an uncursed ring of protection from shape changers (on left hand) e - a blessed +2 ring of gain intelligence (on right hand) Wands c - an uncursed wand of fire (0:6) y - an uncursed wand of secret door detection [0:13] Tools n - an uncursed magic marker (0:66) p - an uncursed towel v - an uncursed leash Spells known in the end: Name Level Category Fail Memory a - force bolt 1 attack 0% [|||||||.] b - detect unseen 3 divination 86% [|||||||.] c - knock 1 matter 0% [|||||||.] d - light 1 divination 0% [|||||||.] Your skills at the end: Fighting Skills Weapon Skills dagger [Basic / Expert] quarterstaff [Basic / Expert] Spellcasting Skills attack spells [Basic / Expert] enchantment spells [Basic / Skilled] Final Attributes: You were piously aligned. Hunger level was 158. Your alignment was 34 / 34. Monster difficulty range was 0 - 6. Level difficulty was 5. You resisted poison. You were magic-protected. You were telepathic. You could walk on water. You were protected from shape changers. You were lucky (1). You are dead. Vanquished creatures: a housecat 4 bugbears a water nymph 2 rock piercers 2 enormous rats a fog cloud a shrieker a kobold mummy a ghoul 3 straw golems a paper golem a giant ant a little dog 4 floating eyes 2 dwarves a kobold lord 5 hill orcs 2 rothes 2 giant bats 3 dwarf zombies 2 iguanas 3 killer bees an acid blob 2 gas spores a hobbit 2 large kobolds 3 hobgoblins 5 giant rats 3 cave spiders a brown mold a yellow mold a green mold a red mold 3 garter snakes 4 geckos 6 jackals a fox a goblin 3 sewer rats 9 grid bugs 3 lichens a kobold zombie 8 newts 104 creatures vanquished. Voluntary challenges: You used a wielded weapon 132 times. You read items or engraved 27 times. You put on armor 13 times. You never genocided any monsters. You never polymorphed an object. You never changed form. You used no wishes. You wrote Elbereth's name 15 times. You never encountered a bones level. You never used any Sokoban shortcuts. Dungeon overview: The Dungeons of Doom: levels 1 to 5 Level 1 a long staircase Level 2 (temp stash) a bookstore Level 3 an armor shop, an altar a long staircase Level 4 a fountain Level 5 <- You were here a throne History has recorded: On T:1 you entered the Dungeons of Doom to retrieve the Amulet of Yendor! On T:776 you reached level 2 of The Dungeons of Doom. On T:1261 you advanced to experience level 2. On T:1360 you advanced to experience level 3. On T:1456 you reached level 3 of The Dungeons of Doom. On T:1671 you advanced to experience level 4. On T:2170 you advanced to experience level 5. On T:2796 you advanced to experience level 6. On T:3302 you reached level 4 of The Dungeons of Doom. On T:4187 you advanced to experience level 7. On T:4555 you reached level 5 of The Dungeons of Doom. Latest messages: The crude dagger slips as you throw it! The bugbear wields an uncursed crude dagger! s - a crude dagger (in quiver). The crude dagger hits the bugbear. The bugbear picks up a crude dagger. [HP+1=23] The bugbear thrusts her crude dagger. The bugbear hits! [HP-6=17] You miss the bugbear. (2x) The bugbear thrusts her crude dagger. The bugbear just misses! You hit the bugbear. The bugbear thrusts her crude dagger. The bugbear hits! [HP-8=9] You hit the bugbear. The bugbear thrusts her crude dagger. The bugbear hits! You die... Final status: Goodbye Mecha the Wizard... You died in The Dungeons of Doom on dungeon level 5 with 1557 points, and 529 pieces of gold, after 4999 moves. You were level 7 with a maximum of 53 hit points when you died.